 Dungeon Crawl Stone Soup version 0.23-a0-644-gb60d84b (webtiles) character file.

391 Azzok the Skirmisher (level 6, -3/60 HPs)
             Began as a Centaur Berserker on Jan 1, 2019.
             Was a Believer of Trog.
             Slain by a phantom (5 damage)
             ... on level 4 of the Dungeon.
             The game lasted 00:04:34 (2606 turns).

Azzok the Skirmisher (Centaur Berserker)            Turns: 2606, Time: 00:04:35

Health: -3/60      AC:  8    Str: 22    XL:     6   Next: 50%
Magic:  6/6        EV:  6    Int:  1    God:    Trog [**....]
Gold:   141        SH:  0    Dex:  8    Spells: 5/5 levels left

rFire    . . .     SeeInvis .   r - +3 trident
rCold    . . .     Gourm    .   (no shield)
rNeg     . . .     Faith    .   v - +0 chain mail (curse)
rPois    .         Spirit   .   d - +0 helmet
rElec    .         Reflect  .   (no cloak)
rCorr    +         Harm     .   (no gloves)
MR       .....                  (no barding)
Stlth    ..........             (no amulet)
HPRegen  0.20/turn              e - -5 ring of intelligence (curse)
MPRegen  0.10/turn              g - ring of resist corrosion

@: lethally poisoned (-3 -> -19), berserk cooldown, flying, starving, slowed
A: large, hooves 3, deformed body, speed 2, tough skin 3
a: Berserk, Trog's Hand, Renounce Religion


You were on level 4 of the Dungeon.
You worshipped Trog.
Trog was pleased with you.
You were starving.

You visited 1 branch of the dungeon, and saw 5 of its levels.

You collected 141 gold pieces.

Inventory:

Hand Weapons
 a - a +0 hand axe
 r - a +3 trident (weapon)
Missiles
 f - 71 arrows
Armour
 d - a +0 helmet (worn)
 n - a +4 ring mail
 v - a cursed +0 chain mail (worn)
Jewellery
 e - a cursed -5 ring of intelligence (left hand)
 g - a ring of resist corrosion (right hand)
 j - an uncursed ring of protection from cold
Wands
 p - a wand of scattershot (1)
 s - a wand of enslavement (4)
Scrolls
 i - 3 scrolls of identify {unknown}
 k - 2 scrolls of magic mapping {unknown}
 l - 6 scrolls of remove curse {unknown}
 m - a scroll of teleportation {unknown}
 o - 2 scrolls of amnesia {unknown}
 t - a scroll of fear {unknown}
Potions
 b - a potion of flight
 h - 2 potions of degeneration {unknown}
 q - a potion of curing {unknown}
 u - a potion of invisibility {unknown}
Comestibles
 c - 6 rations


   Skills:
 + Level 7.4 Fighting
 - Level 2.6 Axes
 - Level 1.3 Armour
 - Level 1.3 Dodging


You had 5 spell levels left.
You didn't know any spells.
Your spell library contained the following spells:

 Spells                   Type           Power        Failure   Level  Hunger
 Beastly Appendage        Tmut           #.....       100%        1    ##.....


Dungeon Overview and Level Annotations

Branches:
Dungeon (5/15)
 Temple: D:4-7

Altars:
Kikubaaqudgha
Sif Muna
Uskayaw
Vehumet

Annotations:
D:3 Sigmund


Innate Abilities, Weirdness & Mutations

You have hooves in place of feet.
Armour fits poorly on your strangely shaped body.
You cover ground very quickly.
You have extremely tough skin. (AC +3)


Message History

You kill the goblin!
Trog accepts your kill.
* * * LOW HITPOINT WARNING * * *
You feel very sick. The phantom hits you.
* * * LOW HITPOINT WARNING * * *
The phantom blinks!
* * * LOW HITPOINT WARNING * * *
You feel sick. The phantom barely misses you.
Things that are here:
a +0 dagger; a goblin corpse It was a potion of flight.
You feel very buoyant.
You fly up into the air.
* * * LOW HITPOINT WARNING * * *
You feel very sick. The phantom barely misses you.
The hobgoblin hits you with a +0 club!
* * * LOW HITPOINT WARNING * * *
The phantom hits you.
You die... ▒▒ ▒▒▒ ·· ···· ·▒▒··· ▒╬▒ ····· ▒·▒ Wgg▒

▒ ▒▒▒▒·▒▒▒▒▒▒▒gg▒
···
▒·····())Wg▒·▒)····
▒·▒···▒▒▒@▒§g······
▒······▒·▒▒▒·······
····▒···▒·▒▒
▒······
▒▒▒▒▒▒·▒▒▒·▒ ▒▒····
▒·▒ ▒·▒ ··· ▒·▒ ▒·▒
·· ▒·▒ ▒▒ ·
▒·▒▒▒▒▒▒▒▒
▒········▒


You could see a phantom and a hobgoblin.

Vanquished Creatures
  2 bullfrogs
  An orc priest (D:4)
  A bullfrog skeleton (D:4)
  2 worker ants
  A hound zombie (D:5)
  Robin (D:4)
  A gnoll (D:4)
  5 adders
  3 worms
  3 dart slugs (D:2)
  4 orcs
  A ball python (D:1)
  3 bats
  6 giant cockroaches
  10 goblins
  8 hobgoblins
  3 jackals (D:1)
  2 quokkas
  4 kobolds
  5 rats
66 creatures vanquished.

Vanquished Creatures (others)
  5 toadstools (D:1)
5 creatures vanquished.

Grand Total: 71 creatures vanquished

Notes
Turn   | Place    | Note
-------+----------+-------------------------------------------
     0 | D:1      | Azzok the Centaur Berserker began the quest for the Orb.
     0 | D:1      | Reached XP level 1. HP: 19/19 MP: 1/1
    95 | D:1      | Reached XP level 2. HP: 24/26 MP: 2/2
   468 | D:1      | Reached skill level 4 in Fighting
   564 | D:2      | Reached XP level 3. HP: 24/33 MP: 3/3
   890 | D:2      | Reached ** piety under Trog
  1101 | D:2      | Reached skill level 5 in Fighting
  1101 | D:2      | Reached XP level 4. HP: 35/42 MP: 4/4
  1276 | D:2      | Found a hide-covered altar of Uskayaw.
  1999 | D:3      | Noticed Sigmund
  2005 | D:3      | You fall through a shaft for 2 floors!
  2005 | D:5      | Entered Level 5 of the Dungeon
  2274 | D:5      | Found a radiant altar of Vehumet.
  2277 | D:5      | Found an ancient bone altar of Kikubaaqudgha.
  2278 | D:5      | Found a deep blue altar of Sif Muna.
  2284 | D:5      | Identified Sif Muna's Papyrus of Changing
  2318 | D:5      | Reached XP level 5. HP: 47/50 MP: 5/5
  2410 | D:5      | Reached skill level 6 in Fighting
  2566 | D:4      | Reached XP level 6. HP: 58/58 MP: 6/6
  2572 | D:4      | Noticed Robin
  2581 | D:4      | Reached skill level 7 in Fighting
  2600 | D:4      | Killed Robin
  2606 | D:4      | HP: 2/60 [hobgoblin/+0 club[Robin] (8)]
  2606 | D:4      | Slain by a phantom

Vault maps used:
D:1:      ldierk_walled_garden, item_on_display_a
D:2:      eat_drink_and_be_merry_uskayaw
D:3:      uniq_sigmund
D:4:      tso_altar, minmay_manual_moon, uniq_duvessa, uniq_robin
D:5:      grunt_temple_overflow_magic_moments, serial_shops, shop_coins,
          first_ration

Skill      XL: |  1  2  3  4  5  6 |
---------------+-------------------+-----
Fighting       | 4 5 6 7 |  7.4
Axes           | |  2.6
Armour         | |  1.3
Dodging        | |  1.3

Action                   |  1- 3 |  4- 6 || total
-------------------------+-------+-------++-------
Melee: Hand axe          |    91 |    27 ||   118
       Kick              |    13 |    24 ||    37
       Trident           |       |    69 ||    69
Invok: Berserk           |       |     2 ||     2
  Use: Potion            |       |     1 ||     1
  Eat: Chunk             |       |     4 ||     4
Armor: Animal skin       |    24 |       ||    24
       Ring mail         |    36 |     5 ||    41
       Scale mail        |       |     7 ||     7
       Chain mail        |       |    27 ||    27
Dodge: Dodged            |    33 |    27 ||    60

Table legend:
 A = Non-vault XP
 B = Vault XP
 C = Vault XP percentage of total XP
 D = Non-vault monster count
 E = Vault monster count
 F = Vault count percentage of total count
                 A         B        C        D         E       F
            +---------+---------+-------+---------+---------+-------
      Total |     412 |     147 |  26.3 |      54 |      12 |  18.2
            +---------+---------+-------+---------+---------+-------
        D:1 |      30 |       0 |   0.0 |      18 |       0 |   0.0
        D:2 |      88 |       0 |   0.0 |      16 |       0 |   0.0
        D:3 |      24 |       0 |   0.0 |      10 |       0 |   0.0
        D:4 |     121 |     147 |  54.9 |       6 |      12 |  66.7
        D:5 |     149 |       0 |   0.0 |       4 |       0 |   0.0
            +---------+---------+-------+---------+---------+-------
